 Dungeon Crawl Stone Soup version 0.24-a0-616-ge2a249a (console) character file.

Game seed: 8346000773326416617, levelgen mode: deterministic

459 vegansnacktivist the Covert (level 6, -3/25 HPs)
             Began as a Felid Transmuter on Sept 15, 2019.
             Slain by a water moccasin zombie (5 damage)
             ... in an ossuary.
             The game lasted 00:10:33 (6004 turns).

vegansnacktivist the Covert (Felid Transmuter)      Turns: 6004, Time: 00:10:33

Health: -3/25      AC:  2    Str:  8    XL:     6   Next: 78%
Magic:  19/19      EV: 18    Int: 15    God:
Gold:   156        SH:  0    Dex: 16    Spells: 3/9 levels left
                                        Lives:  0   Deaths: 1

rFire    . . .     SeeInvis +     - Unarmed
rCold    . . .     Gourm    .   (shield unavailable)
rNeg     . . .     Faith    .   (armour unavailable)
rPois    .         Spirit   .   (helmet unavailable)
rElec    .         Reflect  .   (cloak unavailable)
rCorr    .         Harm     .   (gloves unavailable)
MR       +....                  (boots unavailable)
Stlth    +++++.....             n - amulet of magic regeneration
HPRegen  0.08/turn              e - ring of protection from magic
MPRegen  0.41/turn              q - ring of magical power

@: appendage (expiring), quick
A: very small, no armour, no weapons or thrown items, stealth, claws 1, fangs 3,
horns 2, see invisible, carnivore, speed 1, shaggy fur 2, slow metabolism 1,
sharp paws
a: End Transformation


You were in an ossuary.
You were very full.
You had grown temporary horns.
You visited 1 branch of the dungeon, and saw 4 of its levels.
You also visited: Ossuary.

You collected 156 gold pieces.

Inventory:

Missiles
 a - 66 arrows
Jewellery
 e - a ring of protection from magic (left paw)
 n - an amulet of magic regeneration (around neck)
 q - a ring of magical power (right paw)
Wands
 b - a wand of polymorph (12)
Scrolls
 i - a scroll of random uselessness {unknown}
 j - a scroll of fear {unknown}
 k - a scroll of fog {unknown}
 l - 3 scrolls of teleportation {unknown}
 m - a scroll of remove curse {unknown}
 p - a scroll of magic mapping {unknown}
 r - a scroll of blinking {unknown}
Potions
 d - a potion of agility
 f - a potion of haste
 g - 5 potions of curing
 h - 3 potions of heal wounds
 o - a potion of magic
 s - a potion of flight {unknown}
Comestibles
 c - 5 rations


   Skills:
 - Level 1.0 Fighting
 - Level 2.6 Dodging
 + Level 10.6 Stealth
 - Level 3.0 Unarmed Combat
 - Level 2.0 Spellcasting
 - Level 2.1 Transmutations


You had 3 spell levels left.
You knew the following spells:

 Your Spells              Type           Power        Failure   Level  Hunger
a - Beastly Appendage     Tmut           #.....       9%          1    #......
b - Sticks to Snakes      Tmut           #.......     14%         2    ###....
c - Spider Form           Tmut/Pois      #.........   38%         3    ###....

Your spell library contained the following spells:

 Spells                   Type           Power        Failure   Level  Hunger
 Ice Form                 Ice/Tmut       #.......     80%         4    #####..
 Blade Hands              Tmut           #.........   94%         5    ######.


Dungeon Overview and Level Annotations

Branches:
Dungeon (4/15)            Ossuary (1/1)
 Temple: D:4-7

Altars:
Uskayaw
Wu Jian


Innate Abilities, Weirdness & Mutations

You cannot wear armour.
You are incapable of wielding weapons or throwing items.
Your paws allow you to move quietly. (Stealth)
You have sharp claws.
You have razor-sharp teeth.
You have supernaturally acute eyesight. (SInv)
You are carnivorous and can eat meat at any time.
You cover ground quickly.
You are covered in thick fur. (AC +2)
You have a slow metabolism.
Your sharp claws are effective at attacking unaware monsters.
You have a pair of horns on your head.


Message History

The water moccasin zombie closely misses you.
You claw the water moccasin zombie!
Your headbutt misses the water moccasin zombie.
The water moccasin zombie is severely damaged.
The water moccasin zombie bites you!
* * * LOW HITPOINT WARNING * * *
You scratch the water moccasin zombie.
Your headbutt misses the water moccasin zombie.
The water moccasin zombie is almost destroyed.
The water moccasin zombie completely misses you.
Your transformation is almost over.
There is an open door here.
Really walk into that dart trap?
Okay, then.
Unknown command.
An arrow hits the water moccasin zombie!
You barely miss the water moccasin zombie.
The water moccasin zombie is almost destroyed.
The water moccasin zombie bites you.
You die...

###'# #...# #...#
#...# #...#
##############'###
#..Z#^.^.#...#^^^#
+...#...^#...'.^.#
#...'^..^'...#^Z@#
##################


You could see a water moccasin zombie.

Vanquished Creatures
  3 water moccasin zombies (Ossuary)
  A scorpion (D:4)
  A howler monkey (D:4)
  An orc priest (D:3)
  2 orc wizards (D:3)
  2 worker ants (D:4)
  A gnoll (D:2)
  2 oozes
  An adder zombie (Ossuary)
  An adder skeleton (D:4)
  3 worms
  6 dart slugs (D:2)
  5 leopard geckos
  13 orcs (D:3)
  2 ball pythons
  5 bats
  2 giant cockroaches
  15 goblins
  8 hobgoblins
  9 jackals
  5 frilled lizards
  3 hobgoblin zombies (Ossuary)
  9 kobolds
  2 kobold zombies (Ossuary)
  2 orc zombies (Ossuary)
  10 rats
114 creatures vanquished.

Notes
Turn   | Place    | Note
-------+----------+-------------------------------------------
     0 | D:1      | vegansnacktivist the Felid Transmuter began the quest for
                  | the Orb.
     0 | D:1      | Reached XP level 1. HP: 9/9 MP: 4/4
   127 | D:1      | Reached skill level 1 in Stealth
   360 | D:1      | Reached skill level 2 in Stealth
   363 | D:1      | Reached XP level 2. HP: 12/12 MP: 4/6
   526 | D:1      | Reached skill level 3 in Stealth
   914 | D:1      | Reached skill level 4 in Stealth
   993 | D:1      | Reached XP level 3. HP: 15/15 MP: 7/7
  1427 | D:2      | Found a hide-covered altar of Uskayaw.
  1452 | D:2      | Found an ornate altar of the Wu Jian Council.
  1786 | D:2      | Reached skill level 5 in Stealth
  1905 | D:2      | Reached XP level 4. HP: 12/19 MP: 8/8
  2025 | D:2      | Learned a level 2 spell: Sticks to Snakes
  2029 | D:2      | Learned a level 3 spell: Spider Form
  2906 | D:2      | Reached skill level 6 in Stealth
  3457 | D:3      | Reached skill level 7 in Stealth
  3457 | D:3      | Reached XP level 5. HP: 7/22 MP: 9/9
  4254 | D:3      | Killed from afar by an orc wizard
  4255 | D:3      | Reached XP level 4. HP: -5/19 MP: 17/17
  4277 | D:3      | Reached skill level 8 in Stealth
  4754 | D:3      | Reached XP level 5. HP: 17/22 MP: 9/9
  5394 | D:4      | Found a sand-covered staircase.
  5457 | D:4      | Reached skill level 9 in Stealth
  5465 | D:4      | Gained mutation: You are covered in thick fur. (AC +2)
                  | [Felid growth]
  5465 | D:4      | Reached XP level 6. HP: 10/25 MP: 10/10
  5499 | D:4      | HP: 1/25 [adder skeleton (4)]
  5786 | Ossuary  | Entered an ossuary
  5908 | Ossuary  | Reached skill level 10 in Stealth
  6004 | Ossuary  | Slain by a water moccasin zombie

Levels and vault maps discovered:
D:1:      minmay_arrival_split_and_join, layout_loops_ring, serial_glass,
          glass_columns_a, glass_columns_a
D:2:      layout_loops_ring, chequers_temple_overflow_statue_of_worship,
          cheibrodos_gnoll_hut
D:3:      kb_forest_paths, layout_basic
D:4:      layout_basic, first_ration, enter_ossuary_1
Ossuary:  ossuary_tomb_2

Skill      XL: |  1  2  3  4  5  6 |
---------------+-------------------+-----
Stealth        | 2 4 5 8 9 10 | 10.6
Fighting       | |  1.0
Dodging        | |  2.6
Unarmed Combat | |  3.0
Spellcasting   | |  2.0
Transmutations | |  2.1

Action                   |  1- 3 |  4- 6 || total
-------------------------+-------+-------++-------
Melee: Unarmed           |   105 |   243 ||   348
       Punch             |     4 |     1 ||     5
       Headbutt          |    11 |    15 ||    26
       Bite              |    11 |    17 ||    28
 Cast: Beastly Appendage |    19 |    17 ||    36
       Spider Form       |       |    11 ||    11
  Use: Scroll            |       |     4 ||     4
 Stab: Sleeping          |     8 |    15 ||    23
  Eat: Chunk             |     9 |    15 ||    24
Armor: Skin              |     4 |    11 ||    15
Dodge: Dodged            |    78 |   197 ||   275

Table legend:
 A = Non-vault XP
 B = Vault XP
 C = Vault XP percentage of total XP
 D = Non-vault monster count
 E = Vault monster count
 F = Vault count percentage of total count
                 A         B        C        D         E       F
            +---------+---------+-------+---------+---------+-------
      Total |     509 |     289 |  36.2 |      94 |      20 |  17.5
            +---------+---------+-------+---------+---------+-------
        D:1 |      46 |       0 |   0.0 |      23 |       0 |   0.0
        D:2 |      78 |      18 |  18.8 |      34 |       3 |   8.1
        D:3 |     186 |      17 |   8.4 |      32 |       6 |  15.8
        D:4 |     199 |       0 |   0.0 |       5 |       0 |   0.0
    Ossuary |       0 |     254 | 100.0 |       0 |      11 | 100.0
            +---------+---------+-------+---------+---------+-------
